 Dungeon Crawl Stone Soup version 0.30-a0-920-g7493c07aab (webtiles) character file.

Game seed: 10213648694652932306

56 Firecrotchwizard the Insei (level 3, 0/20 HPs)
             Began as a Vine Stalker Monk on Mar 22, 2023.
             Succumbed to an adder's poison
             ... on level 2 of the Dungeon.
             The game lasted 00:02:38 (741 turns).

Firecrotchwizard the Insei (Vine Stalker Monk)       Turns: 741, Time: 00:02:38

Health: 0/20       AC:  7    Str: 15    XL:     3   Next: 95%
Magic:  4/4        EV: 11    Int: 10    God:
Gold:   87         SH:  0    Dex: 16    Spells: 2/2 levels left

rFire   . . .      SeeInvis .      - Unarmed
rCold   . . .      Faith    .    (no shield)
rNeg    . . .      Spirit   +    b - +0 ring mail
rPois   .          Reflect  .    k - +2 hat of Xiffuav {Slay+2}
rElec   .          Rampage  .    (no cloak)
rCorr   .                        (no gloves)
Will    .....                    (no boots) Stlth
                                 (no amulet)
HPRegen 0.23/turn                (no ring)
MPRegen 0.09/turn                (no ring)

@: confused, lethally poisoned (0 -> -1), ambrosia-drunk
A: fangs 2, magic shield, antimagic bite, no potion heal 2
a: no special abilities


You were on level 2 of the Dungeon.
You visited 1 branch of the dungeon, and saw 2 of its levels.

You collected 87 gold pieces.

Inventory:

Missiles
 s - 19 stones (quivered)
Armour
 a - a +0 robe
 b - a +0 ring mail (worn)
   (You found it on level 1 of the Dungeon)
 k - the +2 hat of Xiffuav (worn) {Slay+2}
   (You found it on level 2 of the Dungeon)

   Slay:      It affects your accuracy & damage with ranged weapons and melee
   (+2).
Scrolls
 d - a scroll of enchant armour {unknown}
 e - 2 scrolls of noise {unknown}
 h - a scroll of magic mapping {unknown}
 j - a scroll of brand weapon {unknown}
Potions
 c - a potion of curing {unknown}
 f - a potion of mutation {unknown}
 g - a potion of lignification {unknown}
 i - a potion of degeneration {unknown}
 l - a potion of magic {unknown}
 G - 2 potions of ambrosia {!q}


   Skills:
 + Level 3.2 Fighting
 - Level 2.4 Dodging
 - Level 2.4 Stealth
 * Level 4.2 Unarmed Combat


You had 2 spell levels left.
You didn't know any spells.
Your spell library was empty.

Dungeon Overview and Level Annotations

Branches:
Dungeon (2/15)

Altars:

Shops:
D:1 ?


Innate Abilities, Weirdness & Mutations

You have extremely sharp teeth.
When hurt, damage is shared between your health and your magic reserves.
Your bite disrupts and absorbs the magic of your enemies.
Potions cannot restore your health.


Message History

Found a stone staircase leading down.
The goblin shouts!
You hit the goblin but do no damage. The goblin hits you with a +0 club.
A rat comes into view.
You take 1 damage, and have 19/20 hp.
You hit the goblin but do no damage. The goblin hits you with a +0 club.
You take 2 damage, and have 17/20 hp.
You hit the goblin. The goblin completely misses you.
You hit the goblin.
You kill the goblin!
You hit the rat.
You kill the rat!
You see here a rat corpse.
Found a stone staircase leading down.
You now have 87 gold pieces (gained 12).
Health restored: 20 A kobold comes into view.
It is wielding a +0 short sword.
You see here a potion of ambrosia {!q}.
The kobold shouts!
You closely miss the kobold. You bite the kobold. You drain its power.
The kobold barely misses you.
You closely miss the kobold. You bite the kobold.
You kill the kobold!
k - the +2 hat of Xiffuav {Slay+2} You start putting on your armour.
You continue putting on the +2 hat of Xiffuav {Slay+2}. x4
You finish putting on the +2 hat of Xiffuav {Slay+2}.
l - a coppery potion
G - 3 potions of ambrosia {!q} (gained 1)
Things that are here:
a +0 short sword; a kobold corpse
s - 16 stones (gained 6)
s - 19 stones (gained 3)
An endoplasm comes into view.
An endoplasm is nearby!
An adder comes into view.
The endoplasm quivers.
The adder hisses angrily.
The adder barely misses you.
The endoplasm jiggles.
The endoplasm barely misses you. The adder barely misses you.
You hit the endoplasm. The endoplasm closely misses you.
The adder closely misses you.
You hit the adder. Your bite misses the adder. The adder barely misses you.
The endoplasm freezes you.
You are frozen.
You take 1 damage, and have 19/20 hp.
You barely miss the adder. You bite the adder, but do no damage.
The adder closely misses you. The endoplasm freezes you.
You are frozen.
You take 4 damage, and have 15/20 hp.
You now have 3/4 mp.
You miss the adder. Your punch misses the adder. Your bite misses the adder.
The adder bites you but does no damage.
The endoplasm hits you but does no damage.
You miss the adder. Your bite misses the adder.
The adder bites you but does no damage. The endoplasm hits you.
The adder bites you.
You are poisoned.
The adder poisons you!
You take 3 damage, and have 12/20 hp.
You feel sick.
You take 2 damage, and have 10/20 hp.
The adder attacks as you move away! The adder bites you but does no damage.
You feel sick.
You miss the adder.
You feel sick. The adder bites you.
You are lethally poisoned!
The adder poisons you!
You take 3 damage, and have 7/20 hp.
You miss the adder. You bite the adder. You drain its power.
You feel invigorated.
* * * LOW HITPOINT WARNING * * *
You feel sick. The adder closely misses you. x2
You take 2 damage, and have 5/20 hp.
MP restored: 4 You hit the adder.
* * * LOW HITPOINT WARNING * * *
You feel sick. The adder misses you.
You take 1 damage, and have 4/20 hp.
You hit the adder but do no damage. You bite the adder.
You kill the adder!
* * * LOW HITPOINT WARNING * * *
You feel sick.
Really quaff
G - 3 potions of ambrosia {!q}?
You are confused.
Your system rejects the healing.
You feel invigorated.
* * * LOW HITPOINT WARNING * * *
You feel sick. The endoplasm freezes you.
You are frozen.
You take 1 damage, and have 3/20 hp.
You now have 3/4 mp.
You hit the endoplasm but do no damage.
* * * LOW HITPOINT WARNING * * *
You feel sick. The endoplasm freezes you.
You are frozen.
* * * LOW HITPOINT WARNING * * *
You take 2 damage, and have 1/20 hp.
You now have 0/4 mp.
You bump into the rock wall.
You die...

.....#......^.########.#
#...... ..............#
#.# #......
...>..........## #.#
#......
............#..##
##......
#..).#[..##.....#
.###.......
#....#...##.......
........<..
.....#.#.......###
####......
.....#.##.####.######
#......
#.###..##......J@...#
#....†.
#.....########.####..#
#...... ##..### #....#
.# ####### ##.# #....#
### #....# ##...# ...#
...# ...#


You could see an endoplasm.

Vanquished Creatures
  2 adders (D:2)
  A dart slug (D:1)
  3 endoplasms (D:1)
  2 giant cockroaches (D:1)
  3 goblins
  A hobgoblin (D:1)
  2 jackals (D:2)
  2 kobolds
  A quokka (D:1)
  6 ball pythons
  5 bats
  A frilled lizard (D:1)
  6 rats
35 creatures vanquished.

Notes
Turn   | Place    | Note
-------+----------+-------------------------------------------
     0 | D:1      | Firecrotchwizard the Vine Stalker Monk began the quest for
                  | the Orb.
     0 | D:1      | Reached XP level 1. HP: 11/11 MP: 2/2
   109 | D:1      | Found Sagug's Magic Scroll Boutique.
   111 | D:1      | Reached XP level 2. HP: 16/16 MP: 3/3
   160 | D:1      | Reached skill level 3 in Fighting
   362 | D:1      | Reached XP level 3. HP: 20/20 MP: 4/4
   365 | D:1      | Found a faded altar of an unknown god.
   591 | D:2      | Reached skill level 4 in Unarmed Combat
   689 | D:2      | Identified the +2 hat of Xiffuav {Slay+2}
   736 | D:2      | HP: 5/20 [poisoned by an adder]
   740 | D:2      | HP: 2/20 [poisoned by an adder]
   741 | D:2      | Succumbed to an adder's poison

Illustrated notes

Levels and vault maps discovered:
D:1:      nzn_arrival_crosshair, layout_rooms, ebering_ecumenical_altar_hall,
          serial_glass, glass_columns_c, glass_columns_c, serial_shops,
          shop_scrolls
D:2:      layout_rooms

Skill      XL: |  1  2  3 |
---------------+----------+-----
Fighting       | 3 |  3.2
Unarmed Combat | 4 |  4.2
Dodging        | |  2.4
Stealth        | |  2.4

Action                     || total
---------------------------++-------
  Melee: Unarmed           ||    89
         Bite              ||    20
         Punch             ||     1
    Use: Potion            ||     1
   Stab: Sleeping          ||     2
 Armour: Ring mail         ||    29
  Dodge: Dodged            ||    58

Table legend: (Time is in decaauts)
 A = Elapsed time spent in this place.
 B = Non-inter-level travel time spent in this place.
 C = Inter-level travel time spent in this place.
 D = Time resting spent in this place.
 E = Time spent auto-exploring this place.
 F = Levels seen in this place.
 G = Mean time per level.
                   A        B        C        D        E       F      G
               +--------+--------+--------+--------+--------+-----+--------+
         Total |    734 |    708 |     26 |      0 |    445 |   2 |  367.0 |
       Dungeon |    734 |    708 |     26 |      0 |    445 |   2 |  367.0 |
               +--------+--------+--------+--------+--------+-----+--------+

Top non-repeatable levels by time:
     D:1: 552 daAuts
     D:2: 181 daAuts

Table legend:
 A = Kills in this place as a percentage of kills in the entire game.
 B = Kills by you in this place as a percentage of kills by you in the entire game.
 C = Kills by friends in this place as a percentage of kills by friends in the entire game.
 D = Other kills in this place as a percentage of other kills in the entire game.
 E = Experience gained in this place as a percentage of experience gained in the entire game.
 F = Experience gained in this place divided by the number of levels of this place that you have seen.
                   A       B       C       D       E      F
               +-------+-------+-------+-------+-------+----------------------
         Total | 100.0 | 100.0 |   N/A |   N/A | 100.0 |  40.0
       Dungeon | 100.0 | 100.0 |   N/A |   N/A | 100.0 |  40.0
               +-------+-------+-------+-------+-------+----------------------
